 Dungeon Crawl Stone Soup version 0.29.1-1-gd02db6906a (webtiles) character file.

Game seed: 3039374263262525684

233 Icepheonix32 the Trooper (level 5, 0/47 HPs)
             Began as a Minotaur Fighter on Oct 6, 2022.
             Slain by an ogre
             ... wielding a +0 giant spiked club
              (16 damage)
             ... on level 5 of the Dungeon.
             The game lasted 00:03:28 (2991 turns).

Icepheonix32 the Trooper (Minotaur Fighter)         Turns: 2991, Time: 00:03:29

Health: 0/47       AC:  7    Str: 20    XL:     5   Next: 75%
Magic:  4/4        EV: 10    Int: 15    God:
Gold:   2          SH:  9    Dex: 10    Spells: 1/4 levels left

rFire   x . .      SeeInvis .   m - +2 spear "Hes Epats" {flame, rPois rF- Int+8}
rCold   . . .      Faith    .   c - +0 buckler
rNeg    . . .      Spirit   .   b - +0 scale mail
rPois   +          Reflect  +   (helmet restricted)
rElec   .          Harm     .   (no cloak)
rCorr   .          Rampage  .   (no gloves)
Will    .....                   (no boots)
Stlth   ..........              t - amulet of reflection
HPRegen 0.15/turn               (no ring)
MPRegen 0.09/turn               (no ring)

@: no status effects
A: horns 2, retaliatory headbutt
a: no special abilities


You were on level 5 of the Dungeon.
You visited 1 branch of the dungeon, and saw 5 of its levels.

You collected 198 gold pieces.
You spent 196 gold pieces at shops.

Inventory:

Hand Weapons
 a - a +0 war axe
 j - a +0 vampiric dagger
 m - the +2 spear "Hes Epats" (weapon) {flame, rPois rF- Int+8}
   (You found it on level 2 of the Dungeon)

   It burns those it strikes, dealing additional fire damage.
   Int:       It affects your intelligence (+8).
   rF:        It makes you vulnerable to fire.
   rPois:     It protects you from poison.
Missiles
 r - 5 boomerangs (quivered)
Armour
 b - a +0 scale mail (worn)
 c - a +0 buckler (worn)
Jewellery
 t - an amulet of reflection (around neck)
Wands
 v - a wand of light (13)
Scrolls
 e - 4 scrolls of poison {unknown}
 g - 4 scrolls of identify {unknown}
 h - 2 scrolls of noise {unknown}
 l - a scroll of immolation {unknown}
 n - 2 scrolls of enchant weapon {unknown}
 o - a scroll of amnesia {unknown}
 s - a scroll of enchant armour {unknown}
 u - a scroll of magic mapping {unknown}
 x - a scroll of vulnerability {unknown}
 y - a scroll of torment {unknown}
Potions
 d - a potion of might
 f - 2 potions of lignification {unknown}
 i - 5 potions of heal wounds {unknown}
 k - 2 potions of cancellation {unknown}
 p - a potion of berserk rage {unknown}
 q - a potion of magic {unknown}
 w - a potion of brilliance {unknown}
 z - 2 potions of haste
 A - a potion of ambrosia {unknown}
 B - a potion of curing
 C - a potion of flight {unknown}


   Skills:
 * Level 4.9 Fighting
 + Level 0.1 Short Blades
 + Level 3.7(4.1) Axes
 + Level 2.3(3.4) Polearms
 * Level 4.6 Armour
 + Level 2.1 Dodging
 + Level 4.0 Shields
 * Level 0.1 Conjurations
 * Level 0.2 Poison Magic


You had one spell level left.
You knew the following spells:

 Your Spells              Type           Power      Damage    Failure   Level
a - Mephitic Cloud        Conj/Pois/Air  0%         N/A       95%         3

Your spell library contained the following spells:

 Spells                   Type           Power      Damage    Failure   Level
 Ignite Poison            Fire/Tmut/Pois 0%         N/A       96%         3
 Freezing Cloud           Conj/Ice/Air   0%         6-21      100%        5


Dungeon Overview and Level Annotations

Branches:
Dungeon (5/15)             Temple (0/1) D:5

Altars:
Ru
Sif Muna
Uskayaw
Yredelemnul

Shops:
D:4 !


Innate Abilities, Weirdness & Mutations

You have a pair of horns on your head.
You reflexively headbutt those who attack you in melee.


Message History

You barely miss the ufetubus. Your headbutt misses the ufetubus.
The ufetubus barely misses you. x2
You hit the ufetubus. You burn the ufetubus.
You kill the ufetubus!
No target in view!
No target in view!
C - an orange potion An ogre comes into view.
It is wielding a +0 giant spiked club.
The ogre shouts!
You hear a shout! x2 2 orcs come into view.
An orc is wielding a +1 hand axe of venom.
You hear a shout!
An orc priest comes into view. It is wielding a +0 flail.
The orc attacks as you move away! The orc barely misses you.
You hit the orc but do no damage. The orc barely misses you.
You completely miss the orc. You block the orc's attack.
You closely miss the orc. You block the orc's attack.
You hit the orc. You burn the orc. Your headbutt misses the orc.
The orc is moderately wounded.
You block the orc's attack.
You hit the orc. You burn the orc.
You kill the orc!
The orc priest begins to cast a cantrip, but forgets the words!
You hit the orc. You burn the orc.
The orc is severely wounded.
The orc hits you with a +0 hand axe.
You hit the orc. You burn the orc.
You kill the orc!
You barely miss the ogre.
The ogre hits you with a +0 giant spiked club!
You barely miss the ogre. You block the ogre's attack.
You barely miss the ogre.
The orc priest begins to cast a cantrip, but forgets the words!
You puncture the ogre! You burn the ogre.
The ogre is moderately wounded.
The ogre hits you with a +0 giant spiked club!!
You hit the ogre. You burn the ogre.
The ogre is heavily wounded.
The ogre hits you with a +0 giant spiked club!
You die...

#.# #. #.# #. ## ###.# #.
o. ##.#)# ##. #. #....#
##.. #. ##.### ##...
##.###. ###.#.### ##....
#......#####.......###.....
........oO@..........'.....
#....#######.#.....###.....
##. #.#.#.#.# ##....
#.#...#.# ##...
#.###.#.######.. #.#
#.#.##.####+
#.###.#.#.#.....
#........###.##. #####.#.##
##.#.


You could see an ogre and an orc priest.

Vanquished Creatures
  A necrophage (D:4)
  A hound (D:4)
  An iguana (D:4)
  5 adders
  An ufetubus (D:5)
  A worm (D:4)
  4 orcs
  8 ball pythons
  4 bats
  4 endoplasms
  2 giant cockroaches
  5 hobgoblins
  3 jackals (D:4)
  3 quokkas
  4 frilled lizards
  5 goblins
  7 kobolds
  4 rats
63 creatures vanquished.

Notes
Turn   | Place    | Note
-------+----------+-------------------------------------------
     0 | D:1      | Icepheonix32 the Minotaur Fighter began the quest for the
                  | Orb.
     0 | D:1      | Reached XP level 1. HP: 19/19 MP: 0/0
   143 | D:1      | Reached XP level 2. HP: 27/27 MP: 1/1
   850 | D:2      | Identified the +2 spear "Hes Epats" {flame, rPois rF-
                  | Int+8}
   854 | D:2      | Reached XP level 3. HP: 33/33 MP: 2/2
  1734 | D:3      | Found a hide-covered altar of Uskayaw.
  1946 | D:3      | Found a sacrificial altar of Ru.
  1946 | D:3      | Found a shimmering blue altar of Sif Muna.
  1948 | D:3      | Found a basalt altar of Yredelemnul.
  2207 | D:4      | Reached XP level 4. HP: 41/41 MP: 3/3
  2228 | D:4      | Noticed a necrophage
  2239 | D:4      | Killed a necrophage
  2240 | D:4      | Reached skill level 1 in Polearms
  2338 | D:4      | Reached XP level 5. HP: 46/47 MP: 4/4
  2340 | D:4      | Reached skill level 1 in Dodging
  2348 | D:4      | Learned a level 3 spell: Mephitic Cloud
  2753 | D:4      | Found Bessur's Distillery.
  2761 | D:4      | Bought a potion of curing for 42 gold pieces
  2761 | D:4      | Bought a potion of haste for 140 gold pieces
  2761 | D:4      | Bought a potion of degeneration for 14 gold pieces
  2815 | D:5      | Entered Level 5 of the Dungeon
  2852 | D:5      | Found a staircase to the Ecumenical Temple.
  2975 | D:5      | Noticed an ogre
  2991 | D:5      | Slain by an ogre

Illustrated notes

Levels and vault maps discovered:
D:1:      enne_arrival_octagon_isle, layout_basic
D:2:      layout_loops_ring, corexii_shack, kennysheep_pointless_box,
          minmay_statues_item, nrook_loot_triangle
D:3:      layout_loops_ring, minitemple, serial_bayou_lagoon_b
D:4:      layout_basic, serial_shops, nicolae_lakefront_shop
D:5:      layout_loops_corners, lemuel_round_altar,
          minmay_temple_entry_statues_fountains, serial_shops,
          nicolae_shop_statue_plus, minmay_hedge_maze

Skill      XL: |  1  2  3  4  5 |
---------------+----------------+-----
Fighting       | 4 |  4.9
Axes           | 3 |  3.7
Armour         | 4 |  4.6
Polearms       | 1 2 |  2.3
Shields        | 4 |  4.0
Dodging        | 2 |  2.1
Short Blades   | |  0.1
Conjurations   | |  0.1
Poison Magic   | |  0.2

Action                   |  1- 3 |  4- 6 || total
-------------------------+-------+-------++-------
Melee: War axe           |    44 |       ||    44
       Headbutt          |     6 |     2 ||     8
       Dagger            |    10 |       ||    10
       Spear             |    37 |    66 ||   103
Armor: Scale mail        |    36 |    16 ||    52
Dodge: Dodged            |    40 |    32 ||    72
Block: Buckler           |    14 |    11 ||    25
